 Dungeon Crawl Stone Soup version 0.27.0-1-g7a089689b8 (webtiles) character file.

Game seed: 11319470248933330013

9 ZARRMARR the Sneak (level 2, -5/19 HPs)
             Began as a Kobold Delver on Aug 14, 2021.
             Was an Initiate of Okawaru.
             Slain by Prince Ribbit (8 damage)
             ... on level 5 of the Dungeon.
             The game lasted 00:01:13 (117 turns).

ZARRMARR the Sneak (Kobold Delver)                   Turns: 117, Time: 00:01:14

Health: -5/19      AC:  3    Str:  9    XL:     2   Next: 25%
Magic:  2/2        EV: 14    Int: 11    God:    Okawaru [......]
Gold:   0          SH:  0    Dex: 16    Spells: 1/1 levels left

rFire    . . .     SeeInvis .   a - +0 short sword
rCold    . . .     Faith    .   (shield restricted)
rNeg     . . .     Spirit   .   b - +0 leather armour
rPois    .         Reflect  .   (no helmet)
rElec    .         Harm     .   (no cloak)
rCorr    .         Rampage  .   (no gloves)
Will     .....                  (no boots)
Stlth    ++++......             (no amulet)
HPRegen  0.06/turn              (no ring)
MPRegen  0.08/turn              (no ring)

@: hasted, very quick
A: small, no large weapons, nightstalker 3
a: Renounce Religion


You were on level 5 of the Dungeon.
You worshipped Okawaru.
Okawaru was noncommittal.
You visited 1 branch of the dungeon, and saw 1 of its levels.

Inventory:

Hand Weapons
 a - a +0 short sword (weapon)
Armour
 b - a +0 leather armour (worn)
Wands
 g - a wand of digging (3)
Scrolls
 c - a scroll of fog
 d - a scroll of magic mapping
 e - a scroll of fear
 h - a scroll of identify {unknown}


   Skills:
 + Level 3.4 Fighting
 + Level 2.7 Short Blades
 + Level 2.4 Dodging
 + Level 7.1 Stealth


You had one spell level left.
You didn't know any spells.
Your spell library was empty.

Dungeon Overview and Level Annotations

Branches:
Dungeon (5/15)
 Temple: D:4-7

Altars:
Elyvilon
Okawaru
Qazlal
Trog

Annotations:
D:5 Prince Ribbit


Innate Abilities, Weirdness & Mutations

You are small and have problems with some larger weapons.
You are completely attuned to the shadows.


Message History

Prince Ribbit closely misses you. x2
You barely miss Prince Ribbit.
Prince Ribbit is heavily wounded.
Prince Ribbit closely misses you.
You barely miss Prince Ribbit.
Prince Ribbit is heavily wounded.
Prince Ribbit hits you.
You miss Prince Ribbit.
Prince Ribbit is heavily wounded.
Prince Ribbit closely misses you. x2
You hit Prince Ribbit but do no damage.
Prince Ribbit is heavily wounded.
Prince Ribbit closely misses you.
You barely miss Prince Ribbit.
Prince Ribbit is heavily wounded.
Prince Ribbit misses you. Prince Ribbit barely misses you.
You miss Prince Ribbit.
Prince Ribbit is heavily wounded.
Prince Ribbit barely misses you.
You miss Prince Ribbit.
Prince Ribbit is heavily wounded.
Prince Ribbit hits you!
You barely miss Prince Ribbit.
Prince Ribbit is heavily wounded.
Prince Ribbit hits you.
You feel yourself speed up.
Prince Ribbit blinks!
You miss Prince Ribbit.
Prince Ribbit is heavily wounded.
Prince Ribbit hits you but does no damage.
You hit Prince Ribbit.
Prince Ribbit is heavily wounded.
You barely miss Prince Ribbit.
Prince Ribbit is heavily wounded.
Prince Ribbit hops awkwardly around.
Prince Ribbit hits you.
* * * LOW HITPOINT WARNING * * *
You barely miss Prince Ribbit.
Prince Ribbit is heavily wounded.
Prince Ribbit hits you!
You die...

#############
#...........#
#.#########.######
#@# #.......
...F§# ########
...... #######


You could see Prince Ribbit.

Vanquished Creatures
  An adder (D:5)
1 creature vanquished.

Notes
Turn   | Place    | Note
-------+----------+-------------------------------------------
     0 | D:5      | ZARRMARR the Kobold Delver began the quest for the Orb.
     0 | D:5      | Reached XP level 1. HP: 14/14 MP: 1/1
     7 | D:5      | Found a stormy altar of Qazlal.
    15 | D:5      | Found an iron altar of Okawaru.
    17 | D:5      | Found a white marble altar of Elyvilon.
    21 | D:5      | Became a worshipper of Warmaster Okawaru
    24 | D:5      | Found a bloodstained altar of Trog.
    59 | D:5      | Reached skill level 7 in Stealth
    59 | D:5      | Reached XP level 2. HP: 19/19 MP: 2/2
   101 | D:5      | Noticed Prince Ribbit
   117 | D:5      | Slain by Prince Ribbit

Illustrated notes

Levels and vault maps discovered:
D:5:      layout_loops_ring, minitemple, minmay_temple_entry_poolview,
          uniq_prince_ribbit1

Skill      XL: |  1 |
---------------+----+-----
Stealth        | 7 |  7.1
Fighting       | |  3.4
Short Blades   | |  2.7
Dodging        | |  2.4

Action                   || total
-------------------------++-------
Melee: Short sword       ||    14
  Use: Potion            ||     1
 Stab: Sleeping          ||     2
Armor: Leather armour    ||     1
Dodge: Dodged            ||     9
